 Dungeon Crawl Stone Soup version 0.25.1-8-g42b30a86e7 (webtiles) character file.

Game seed: 17558625944620027204

17758 KamiKatze the Carver (level 12, -29/121 (123) HPs)
             Began as a Halfling Berserker on Dec 7, 2020.
             Was a High Priest of Trog.
             Annihilated by an ettin
             ... wielding a +0 great mace
              (41 damage)
             ... on level 1 of the Orcish Mines.
             The game lasted 01:03:34 (12126 turns).

KamiKatze the Carver (Halfling Berserker)          Turns: 12126, Time: 01:03:35

HP:   -29/121 (123) AC: 22    Str: 22    XL:     12   Next: 86%
MP:   13/13         EV: 16    Int:  5    God:    Trog [*****.]
Gold: 1091          SH:  6    Dex: 15    Spells: 11/11 levels left

rFire    + . .     SeeInvis +   a - +4 demon blade (vorpal)
rCold    . . .     Gourm    .   J - +0 buckler
rNeg     . . .     Faith    .   H - +3 chain mail {rF+}
rPois    .         Spirit   .   t - +0 helmet
rElec    .         Reflect  .   E - +2 cloak
rCorr    +         Harm     .   l - +0 pair of gloves
MR       .....                  v - +1 pair of boots
Stlth    ..........             o - amulet of regeneration
HPRegen  0.70/turn              A - ring of see invisible
MPRegen  0.13/turn              C - ring of resist corrosion

@: berserking, very quick
A: small, mutation resistance 1
a: Berserk, Trog's Hand, Brothers in Arms, Renounce Religion


You were on level 1 of the Orcish Mines.
You worshipped Trog.
Trog was extremely pleased with you.
You were very hungry.

You visited 4 branches of the dungeon, and saw 15 of its levels.
You also visited: Volcano.

You collected 1091 gold pieces.

Inventory:

Hand Weapons
 a - a +4 vorpal demon blade (weapon)
 b - a +6 trident of flaming
 h - a +2 hand axe of flaming
 q - a +0 hunting sling
 w - a +0 scimitar of flaming
 K - a +0 demon whip of flaming
Missiles
 e - 560 stones
 j - 53 poisoned darts (quivered)
 B - 13 boomerangs
 D - 3 throwing nets
 I - 69 sling bullets
Armour
 l - a +0 pair of gloves (worn)
 t - a +0 helmet (worn)
 v - a +1 pair of boots (worn)
 E - a +2 cloak (worn)
 H - a +3 chain mail of fire resistance (worn)
 J - a +0 buckler (worn)
Jewellery
 g - an uncursed ring of ice
 o - an amulet of regeneration (around neck)
 s - an uncursed ring of positive energy
 A - a ring of see invisible (left hand)
 C - a ring of resist corrosion (right hand)
 F - an uncursed ring of fire
 P - an uncursed ring of flight
 Q - an uncursed ring of stealth
Wands
 m - a wand of flame (10)
 N - a wand of paralysis (12)
 T - a wand of iceblast (13)
Scrolls
 f - 6 scrolls of teleportation
 i - 6 scrolls of identify
 p - 7 scrolls of remove curse
Potions
 d - 2 potions of resistance
 k - a potion of flight
 n - 6 potions of heal wounds
 r - 2 potions of lignification
 u - a potion of magic
 x - 2 potions of haste
 z - a potion of invisibility
 G - 3 potions of might
 R - 3 potions of curing
Miscellaneous
 M - a phantom mirror
Comestibles
 c - 17 rations
 L - 12 chunks of flesh


   Skills:
 + Level 7.7 Fighting
 * Level 11.5 Long Blades
 - Level 1.9(4.0) Axes
 - Level 5.0(5.1) Polearms
 + Level 5.0(6.3) Slings
 - Level 4.0(4.6) Throwing
 + Level 9.0 Armour
 + Level 9.0 Dodging
 - Level 5.6 Shields
 - Level 2.0 Evocations


You had 11 spell levels left.
You didn't know any spells.
Your spell library was empty.

Dungeon Overview and Level Annotations

Branches:
Dungeon (10/15)            Temple (1/1) D:4            Lair (3/6) D:8
    Orc (1/2) D:9         Volcano (visited)
  Swamp: Lair:2-4    Shoals: Lair:2-4     Snake: Lair:2-4    Spider: Lair:2-4

Altars:
Ashenzari
Cheibriados
Dithmenos
Elyvilon
Fedhas
Gozag
Hepliaklqana
Kikubaaqudgha
Makhleb
Nemelex Xobeh
Okawaru
Qazlal
Ru
Sif Muna
Trog
Uskayaw
Vehumet
Wu Jian
Xom
Yredelemnul
Zin
The Shining One
Jiyva

Shops:
D:9 (

Annotations:
Lair:3 neer rPois. killer bees and elephants!


Innate Abilities, Weirdness & Mutations

You are small and have problems with some larger weapons.
You are somewhat resistant to further mutation.


Message History

The orc warrior misses you. The ettin barely misses you.
The ettin hits you with a +0 dire flail.
You hit the ettin but do no damage. You slice the ettin!!
The ettin is heavily wounded.
The orc warrior barely misses you.
The ettin hits you with a +0 great mace!!!
* * * LOW HITPOINT WARNING * * *
The ettin closely misses you.
You hear a shout!
You barely miss the ettin.
The ettin is moderately wounded.
You completely miss the ettin.
The ettin is moderately wounded.
The orc warrior hits you with a +0 scimitar!
* * * LOW HITPOINT WARNING * * *
You slash the ettin!
The ettin is heavily wounded.
The ettin hits you with a +0 great mace!!!
You die...

...##...........#... ...
...#.........#..........
...#....#.$..#..........
............##....#.....
<............#..##..#...
[.#.....#......o#....#
....>..........#)...#
...............##o###
..............)#@##
..............)C)$#
.............#.#.##
.......#).....##.#
......####........
##.#..# #......#..#
....... ##..#......
......## #..#...#.##
......# .... .. ##


You could see an ettin and an orc warrior.

Vanquished Creatures
  Harold (D:7)
  A hydra (Lair:1)
  Erolcha (D:9)
  Pikel (D:9)
  An orc knight (Orc:1)
  An oklob plant (Lair:1)
  3 orc sorcerers (Orc:1)
  Maurice (D:8)
  A black mamba (Lair:3)
  A molten gargoyle (Volcano)
  A spiny frog (Lair:1)
  A rime drake (Lair:3)
  2 efreet (Volcano)
  A komodo dragon (Lair:2)
  3 trolls
  5 polar bears (Lair:2)
  2 hippogriffs
  2 wyverns
  A human (D:7)
  A basilisk (Lair:2)
  3 fire elementals (Volcano)
  4 hogs (D:7)
  5 porcupines
  7 water moccasins
  9 orc warriors
  A necrophage (D:6)
  A slave (D:9)
  3 ice beasts
  2 sky beasts
  2 black bears (D:8)
  A phantom (D:9)
  6 wolves
  3 ogres
  A centaur (D:7)
  2 crocodiles (Lair:2)
  5 bullfrogs
  2 gnoll sergeants
  2 earth elementals (Volcano)
  A wyvern skeleton (D:6)
  9 killer bees
  A howler monkey (D:5)
  5 electric eels (D:8)
  12 crimson imps
  A bullfrog zombie (D:5)
  8 hounds
  2 jellies
  A bullfrog skeleton (D:7)
  10 orc priests
  10 orc wizards
  3 centaur skeletons
  4 iguanas
  Crazy Yiuf (D:7)
  8 hell rats (Lair:1)
  6 worker ants
  A hound zombie (D:8)
  A hound skeleton (D:7)
  A worker ant zombie (D:5)
  9 gnolls
  9 adders
  9 river rats (Lair:1)
  A shadow imp (D:5)
  2 white imps (D:8)
  An ooze (D:1)
  2 adder skeletons
  An adder zombie (D:8)
  A worm (D:2)
  A dart slug (D:1)
  8 leopard geckos
  40 orcs
  2 ball pythons (D:3)
  5 giant cockroaches
  11 goblins
  9 hobgoblins
  16 jackals
  8 kobolds
  10 quokkas
  9 bats
  5 frilled lizards
  2 jackal skeletons (D:6)
  23 rats
  3 fire vortices (Volcano)
  A fungus (D:7)
363 creatures vanquished.

Vanquished Creatures (others)
  A centaur (D:3)
  A fire vortex (Volcano)
  A fungus (Lair:3)
  2 plants
5 creatures vanquished.

Grand Total: 368 creatures vanquished

Notes
Turn   | Place    | Note
-------+----------+-------------------------------------------
     0 | D:1      | KamiKatze the Halfling Berserker began the quest for the
                  | Orb.
     0 | D:1      | Reached XP level 1. HP: 15/15 MP: 1/1
    87 | D:1      | Reached XP level 2. HP: 17/20 MP: 2/2
   261 | D:1      | Reached skill level 1 in Throwing
   405 | D:1      | Reached XP level 3. HP: 22/25 MP: 3/3
   448 | D:1      | Reached ** piety under Trog
  1009 | D:2      | Reached XP level 4. HP: 21/30 MP: 4/4
  1840 | D:3      | Reached XP level 5. HP: 34/36 MP: 5/5
  1875 | D:3      | Reached *** piety under Trog
  1927 | D:3      | Found a basalt altar of Yredelemnul.
  1959 | D:3      | Killed a centaur
  2259 | D:3      | Found a blossoming altar of Fedhas.
  2577 | D:3      | Found a radiant altar of Vehumet.
  2770 | D:4      | Reached skill level 4 in Long Blades
  2824 | D:4      | Found a staircase to the Ecumenical Temple.
  2832 | Temple   | Entered the Ecumenical Temple
  2983 | D:4      | Found an ornate altar of the Wu Jian Council.
  3136 | D:4      | Reached XP level 6. HP: 40/42 MP: 6/6
  3151 | D:4      | Found a white marble altar of Elyvilon.
  3544 | D:5      | Entered Level 5 of the Dungeon
  3579 | D:5      | Found a shimmering altar of Xom.
  3756 | D:5      | Found a glowing golden altar of the Shining One.
  3800 | D:5      | Reached skill level 5 in Long Blades
  3836 | D:5      | Reached XP level 7. HP: 43/46 MP: 7/7
  4024 | D:5      | Reached **** piety under Trog
  4171 | D:5      | Reached XP level 8. HP: 54/54 MP: 8/8
  4178 | D:5      | Found a stormy altar of Qazlal.
  4368 | D:6      | Reached skill level 6 in Long Blades
  4748 | D:6      | Reached skill level 5 in Armour
  4767 | D:5      | Reached skill level 5 in Dodging
  5166 | D:6      | Reached skill level 7 in Long Blades
  5166 | D:6      | Reached skill level 1 in Polearms
  5176 | D:6      | Reached XP level 9. HP: 27/59 MP: 9/9
  5503 | D:7      | Found a glowing silver altar of Zin.
  5517 | D:7      | Found a sparkling altar of Nemelex Xobeh.
  5744 | D:7      | Reached skill level 5 in Fighting
  5839 | D:7      | Reached skill level 1 in Shields
  5850 | D:7      | Noticed Harold
  6045 | D:7      | Killed Harold
  6045 | D:7      | Reached skill level 8 in Long Blades
  6309 | D:7      | Reached XP level 10. HP: 65/65 MP: 10/10
  6652 | D:7      | Found a runed translucent door.
  6653 | D:7      | Noticed Crazy Yiuf
  6659 | D:7      | Killed Crazy Yiuf
  7051 | D:8      | Reached ***** piety under Trog
  7261 | D:8      | Reached skill level 5 in Polearms
  7282 | D:8      | Found a snail-covered altar of Cheibriados.
  7456 | D:8      | Reached skill level 9 in Long Blades
  7504 | D:8      | Received a gift from Trog
  7508 | D:8      | Noticed Maurice
  7898 | D:8      | Killed Maurice
  7930 | D:8      | Found a staircase to the Lair.
  8031 | D:8      | Found a bloodstained altar of Trog.
  8036 | D:8      | Reached skill level 1 in Axes
  8036 | D:8      | Reached XP level 11. HP: 68/71 MP: 11/11
  8240 | D:9      | Noticed Erolcha
  8248 | D:9      | Killed Erolcha
  8337 | D:9      | Noticed Pikel
  8358 | D:9      | Killed Pikel
  8409 | D:9      | Found a staircase to the Orcish Mines.
  8410 | D:9      | Found Nuferytt's Weapon Shop.
  8689 | D:9      | Found a white marble altar of Elyvilon.
  9088 | D:10     | Entered Level 10 of the Dungeon
  9181 | D:10     | Noticed a cyclops
  9289 | Lair:1   | Entered Level 1 of the Lair of Beasts
  9293 | Lair:1   | Reached skill level 10 in Long Blades
  9395 | Lair:1   | Reached skill level 5 in Shields
  9695 | Lair:1   | Received a gift from Trog
  9978 | Lair:1   | Noticed a five-headed hydra
  9999 | Lair:1   | Killed a one-headed hydra
 10006 | Lair:1   | Noticed an oklob plant
 10047 | Lair:1   | Killed an oklob plant
 10345 | Lair:2   | Reached XP level 12. HP: 62/80 MP: 12/12
 10363 | Lair:2   | Reached skill level 1 in Slings
 10363 | Lair:2   | Reached skill level 1 in Evocations
 10636 | Lair:2   | Found a dark tunnel.
 10641 | Volcano  | Entered a volcano
 11181 | Lair:2   | Reached skill level 11 in Long Blades
 11851 | Orc:1    | Entered Level 1 of the Orcish Mines
 12109 | Orc:1    | Noticed an ettin
 12111 | Orc:1    | Paralysed by an orc sorcerer for 5 turns
 12118 | Orc:1    | Reached skill level 5 in Slings
 12126 | Orc:1    | Annihilated by an ettin

Illustrated notes

Levels and vault maps discovered:
D:1:      dpeg_arrival_boxes_within_box, layout_basic
D:2:      minmay_recursive_quarters, layout_basic
D:3:      layout_loops_corners, yredelemnul_altar_generic, fiery_altar_vehumet,
          first_ration, fedhas_altar_4
D:4:      layout_loops_ring, nicolae_overflow_crystal_walls,
          minmay_temple_entry_junction, elyvilon_altar_3
D:5:      layout_basic, xom_teletrap_fun, lemuel_doored_altar,
          nicolae_tso_carved_into_rock, kennysheep_cross_bottleneck
D:6:      lemuel_ice_spiral_2, layout_basic, hangedman_decor_growths,
          minmay_starry_boxes
D:7:      layout_loops_corners, nemelex_xobeh_ov_fountains_minmay,
          kennysheep_mini_moat, grunt_livestock, corexii_leaking_fountain,
          minmay_fountain_box, chequers_arboretum, uniq_harold,
          uniq_crazy_yiuf_cottage
D:8:      layout_cave_pools, kennysheep_mini, trog_ov_bears_minmay,
          erik_lair_island, serial_column_ruins, column_ruins_corridor_straight,
          column_ruins_columns_T, column_ruins_columns_corner,
          column_ruins_open_small, column_ruins_columns_straight, minivault_26,
          minmay_nine_imps, uniq_maurice
D:9:      layout_irregular_city, overflow_temple_1_default, orc_david_3,
          bh_walls_and_bars, uniq_erolcha, uniq_pikel
D:10:     layout_irregular_city, serial_glass, glass_columns_b, glass_columns_a
Temple:   pf_slime_end_temple
Lair:1:   lemuel_ratsnest, layout_gridlike, st_stairs_3, grunt_megastairs_1,
          minmay_lair_oklob_chamber
Lair:2:   layout_big_grid, nicolae_volcano_entry_s_turn,
          cheibrodos_lair_lostbears
Lair:3:   regret_index_bee_streams, layout_regular_city,
          elwin_shoals_entry_rocks
Orc:1:    layout_caves

Skill      XL: |  1  2  3  4  5  6  7  8  9 10 11 12 |
---------------+-------------------------------------+-----
Throwing       | 1 2 4 |  4.0
Fighting       | 3 4 5 6 7 |  7.7
Long Blades    | 4 5 7 8 9 10 11 | 11.5
Armour         | 3 4 5 6 7 8 9 |  9.0
Dodging        | 3 4 5 6 7 8 9 |  9.0
Polearms       | 1 3 5 |  5.0
Shields        | 2 4 5 |  5.6
Axes           | 1 |  1.9
Slings         | 5 |  5.0
Evocations     | 2 |  2.0

Action                   |  1- 3 |  4- 6 |  7- 9 | 10-12 || total
-------------------------+-------+-------+-------+-------++-------
Melee: Falchion          |    76 |   230 |   385 |       ||   691
       Long sword        |       |       |     4 |   280 ||   284
       Demon blade       |       |       |       |   493 ||   493
       Hand axe          |       |       |       |     5 ||     5
Throw: Dart              |       |    10 |     7 |    35 ||    52
Invok: Berserk           |     1 |     1 |     6 |     4 ||    12
       Trog's Hand       |       |       |     4 |     4 ||     8
Evoke: Wand              |       |       |       |     7 ||     7
  Use: Scroll            |       |       |     8 |    12 ||    20
  Eat: Chunk             |       |    11 |    13 |    20 ||    44
       Ration            |       |       |     1 |     1 ||     2
Armor: Animal skin       |     8 |       |       |       ||     8
       Leather armour    |    14 |    11 |       |       ||    25
       Ring mail         |       |    47 |    92 |       ||   139
       Scale mail        |       |       |     1 |   125 ||   126
       Chain mail        |       |       |       |   160 ||   160
Dodge: Dodged            |    68 |   172 |   288 |   515 ||  1043
Block: Buckler           |       |       |       |    58 ||    58
       Rpst.: Falchion   |    22 |    59 |    89 |       ||   170
       Long sword        |       |       |     1 |    53 ||    54
       Demon blade       |       |       |       |    88 ||    88
